 Dungeon Crawl Stone Soup version 0.32-a0-12-g7fc57aa741 (webtiles) character file.

Game seed: 9996229641144636583

299816 Lobster4 the Warrior (level 21, -30/179 HPs)
             Began as a Human Artificer on Jan 13, 2024.
             Was the Champion of Nemelex Xobeh.
             Killed from afar by an ironbound thunderhulk (50 damage)
             ... with a bolt of lightning
             ... on level 4 of the Vaults on Jan 14, 2024.
             The game lasted 04:10:39 (55962 turns).

Lobster4 the Warrior (Human Artificer)             Turns: 55962, Time: 04:10:39

Health: -30/179    AC: 14    Str: 12    XL:     21   Next: 0%
Magic:  35/35      EV: 15    Int: 19    God:    Nemelex Xobeh [******]
Gold:   873        SH: 14    Dex: 20    Spells: 22/40 levels left

rFire   + + +        l - +5 double sword (protect)
rCold   + + +        I - +1 kite shield {reflect}
rNeg    + . .        n - +1 ring mail of Henotheism {rC+ rN+ Slay+3}
rPois   .            D - +2 helmet {Int+3}
rElec   .            X - +0 cloak of the Fiddle {rF+++ rCorr Str-5 SInv}
rCorr   +            V - +0 pair of gloves "Vazak" {rC+ Slay+2 Stlth+}
SInv    +            x - +1 pair of boots
Will    ++...        J - amulet "Eppounn" {Acrobat rC+++ Regen+ Str+4}
Stlth   +++++++      r - +4 ring of protection
HPRegen 1.29/turn    O - ring of willpower
MPRegen 0.24/turn

%: reflection, acrobat
@: lethally poisoned (-30 -> -52), corroded
A: explore regen
}: 2/15 runes: barnacled, gossamer
a: Renounce Religion, Draw Escape, Draw Destruction, Draw Summoning, Draw Stack,
Triple Draw, Deal Four, Stack Five


You were on level 4 of the Vaults.
You worshipped Nemelex Xobeh.
Nemelex Xobeh was exalted by your worship.
You visited 7 branches of the dungeon, and saw 35 of its levels.
You also visited: Ossuary.

You collected 4231 gold pieces.
You spent 3358 gold pieces at shops.

Inventory:

Hand Weapons
 a - the +10 falchion "Epumiu" {vamp, rC+}
   (You found it on level 5 of the Dungeon)

   rC+:       It protects you from cold.
 l - a +5 double sword of protection (weapon)
 m - the +6 dagger "Xieshis" {speed, rElec rC+}
   (You found it on level 6 of the Dungeon)

   rC+:       It protects you from cold.
   rElec:     It insulates you from electricity.
 p - the +7 falchion of Truncation {venom, rF++ rCorr Stlth+}
   (You found it on level 3 of the Spider Nest)

   rF++:      It greatly protects you from fire.
   rCorr:     It protects you from acid and corrosion.
   Stlth+:    It makes you more stealthy.
Missiles
 f - 15 poisoned darts (quivered)
 j - 29 boomerangs
 s - a curare-tipped dart
 w - 7 darts of dispersal
 R - 5 throwing nets
Armour
 n - the +1 ring mail of Henotheism (worn) {rC+ rN+ Slay+3}
   (You found it on level 5 of the Lair of Beasts)

   Slay+3:    It affects your accuracy & damage with ranged weapons and melee
   (+3).
   rC+:       It protects you from cold.
   rN+:       It protects you from negative energy.
 x - a +1 pair of boots (worn)
 D - a +2 helmet of intelligence (worn)
 I - a +1 kite shield of reflection (worn)
 L - the +0 cloak of Histrionic Lucidity {+Inv Will+ Str+4 Int-4}
   (You found it on level 11 of the Dungeon)

   Str+4:     It affects your strength (+4).
   Int-4:     It affects your intelligence (-4).
   Will+:     It increases your willpower.
   +Inv:      It lets you turn invisible.
 V - the +0 pair of gloves "Vazak" (worn) {rC+ Slay+2 Stlth+}
   (You bought it in a shop on level 1 of the Orcish Mines)

   Slay+2:    It affects your accuracy & damage with ranged weapons and melee
   (+2).
   rC+:       It protects you from cold.
   Stlth+:    It makes you more stealthy.
 X - the +0 cloak of the Fiddle (worn) {rF+++ rCorr Str-5 SInv}
   (You found it on level 7 of the Dungeon)

   Str-5:     It affects your strength (-5).
   rF+++:     It renders you almost immune to fire.
   SInv:      It lets you see invisible.
   rCorr:     It protects you from acid and corrosion.
Jewellery
 r - a +4 ring of protection (left hand)
 v - a ring of poison resistance
 J - the amulet "Eppounn" (around neck) {Acrobat rC+++ Regen+ Str+4}
   (You bought it in a shop on level 15 of the Dungeon)

   [amulet of the acrobat]

   Acrobat:   It increases your evasion while moving and waiting.
   Str+4:     It affects your strength (+4).
   rC+++:     It renders you almost immune to cold.
   Regen+:    It increases your rate of health regeneration.
 M - a ring of flight
 O - a ring of willpower (right hand)
Wands
 b - a wand of mindburst (6)
 e - a wand of iceblast (9)
 o - a wand of polymorph (14)
 u - a wand of digging (5)
 F - a wand of light (7)
 K - a wand of charming (11)
Scrolls
 c - 2 scrolls of immolation
 d - a scroll of blinking
 i - a scroll of summoning
 C - 5 scrolls of fear
 E - 5 scrolls of teleportation
 P - a scroll of poison
 Q - 3 scrolls of silence
 T - 6 scrolls of revelation
 U - a scroll of fog
Potions
 h - 8 potions of haste
 k - 3 potions of resistance
 q - 5 potions of mutation
 t - 4 potions of lignification
 y - 5 potions of ambrosia
 z - 6 potions of might
 A - 4 potions of brilliance
 B - 7 potions of enlightenment
 H - 2 potions of heal wounds
 N - 4 potions of berserk rage
 W - 2 potions of curing
 Y - 5 potions of cancellation
 Z - a potion of invisibility
Miscellaneous
 g - a sack of spiders
 G - a phial of floods
 S - a tin of tremorstones (2/2)


   Skills:
 + Level 18.8 Fighting
 - Level 17.0 Long Blades
 - Level 3.2 Maces & Flails
 - Level 2.0 Ranged Weapons
 - Level 3.0 Throwing
 - Level 13.0 Armour
 + Level 10.3 Dodging
 + Level 15.5 Stealth
 + Level 12.3 Shields
 - Level 10.0 Spellcasting
 + Level 11.3 Hexes
 + Level 2.4 Fire Magic
 - Level 6.0 Ice Magic
 - Level 10.0 Invocations
 - Level 6.0 Evocations


You had 22 spell levels left.
You knew the following spells:

 Your Spells              Type           Power      Damage    Failure   Level
a - Ensorcelled Hibernat  Hex/Ice        84%        N/A       1%          2
b - Sigil of Binding      Hex            51%        N/A       1%          3
c - Confusing Touch       Hex            51%        N/A       1%          3
d - Ozocubu's Armour      Ice            32%        N/A       8%          3
e - Inner Flame           Hex/Fire       35%        N/A       5%          3
f - Cause Fear            Hex            25%        N/A       3%          4

Your spell library contained the following spells:

 Spells                   Type           Power      Damage    Failure   Level
 Scorch                   Fire           36%        2d6       17%         2
 Foxfire                  Conj/Fire      56%        2x1d6     19%         1
 Metabolic Englaciation   Hex/Ice        21%        N/A       24%         5
 Summon Ice Beast         Ice/Summ       20%        N/A       26%         3
 Apportation              Tloc           18%        N/A       30%         1
 Kiss of Death            Conj/Necr      36%        2d8       30%         1
 Magic Dart               Conj           36%        1d4       30%         1
 Necrotise                Necr           36%        1d5       30%         1
 Sting                    Conj/Alch      36%        1d5       30%         1
 Summon Small Mammal      Summ           36%        N/A       30%         1
 Anguish                  Hex/Necr       15%        N/A       30%         4
 Dimensional Bullseye     Hex/Tloc       15%        N/A       30%         4
 Blink                    Tloc           18%        N/A       41%         2
 Lesser Beckoning         Tloc           18%        N/A       41%         2
 Mercury Vapours          Alch/Air       18%        N/A       41%         2
 Momentum Strike          Conj/Tloc      18%        3d8       41%         2
 Searing Ray              Conj           18%        2d5       41%         2
 Static Discharge         Conj/Air       18%        3-4/arc   41%         2
 Summon Mana Viper        Hex/Summ       31%        N/A       63%         5
 Call Canine Familiar     Summ           9%         N/A       65%         3
 Fugue of the Fallen      Necr           9%         N/A       65%         3
 Gell's Gravitas          Tloc           9%         N/A       65%         3
 Teleport Other           Tloc           9%         N/A       65%         3
 Flame Wave               Conj/Fire      14%        2d6       88%         4
 Sticky Flame             Fire/Alch      14%        2d5       88%         4
 Summon Blazeheart Golem  Fire/Summ      14%        N/A       88%         4
 Enfeeble                 Hex            25%        N/A       94%         7
 Airstrike                Air            4%         2d(1-17)  96%         4
 Dispel Undead            Necr           9%         3d8       96%         4
 Fulminant Prism          Conj/Alch      4%         3d5       96%         4
 Manifold Assault         Tloc           9%         N/A       96%         4
 Olgreb's Toxic Radiance  Alch           9%         N/A       96%         4
 Summon Lightning Spire   Summ/Air       9%         N/A       96%         4
 Vhi's Electric Charge    Tloc/Air       18%        N/A       96%         4
 Arcjolt                  Conj/Air       4%         1d14      100%        5
 Plasma Beam              Fire/Air       7%         2x1d17    100%        6
 Sculpt Simulacrum        Ice/Alch       10%        N/A       100%        6
 Starburst                Conj/Fire      7%         6d4       100%        6
 Summon Cactus Giant      Summ           4%         N/A       100%        6
 Monstrous Menagerie      Summ           4%         N/A       100%        7
 Orb of Destruction       Conj           4%         9d5       100%        7
 Spellforged Servitor     Conj/Summ      4%         N/A       100%        7


Dungeon Overview and Level Annotations

Branches:
Dungeon (15/15)            Temple (0/1) D:5            Lair (5/5) D:8
 Shoals (4/4) Lair:2       Spider (4/4) Lair:3        Slime (0/5) Lair:4
    Orc (2/2) D:9             Elf (1/3) Orc:2        Vaults (4/5) D:13
  Crypt (0/3) Vaults:3     Depths (0/4) D:15        Ossuary (visited)

Altars:
Ashenzari
Cheibriados
Elyvilon
Gozag
Kikubaaqudgha
Nemelex Xobeh
Qazlal
Sif Muna
Trog
Uskayaw
Vehumet
Wu Jian
Xom
Zin
The Shining One
Jiyva

Shops:
D:2 *   D:3 :   D:5 [   D:9 *   D:15 =   Orc:1 [   Orc:2 *[=!*[(:   Elf:1 (*
Vaults:2 (

Annotations:
D:14 Agnes
Elf:1 Norris


Innate Abilities, Weirdness & Mutations

You regain HP and MP as you explore.


Message History

The entropy weaver hits you but does no damage.
You block the entropy weaver's attack. x2
You barely miss the entropy weaver.
The entropy weaver is heavily wounded.
You feel extremely sick. The redback bites you! The redback barely misses you.
You block the entropy weaver's attack. x2; The entropy weaver misses you.
The entropy weaver completely misses you.
You closely miss the entropy weaver.
The entropy weaver is heavily wounded.
You feel extremely sick. You block the redback's attack.
Strange energies crackle from the ironbound thunderhulk's apparatus.
The ironbound thunderhulk blinks!
You closely miss the entropy weaver.
The entropy weaver is heavily wounded.
You feel very sick. You block the entropy weaver's attack.
The entropy weaver hits you.
You block the entropy weaver's attack. x2; The redback closely misses you.
Electricity crackles from the ironbound thunderhulk's apparatus.
The bolt of lightning hits you!!!
The entropy weaver hits you but does no damage.
The entropy weaver barely misses you. x2; The entropy weaver hits you.
You are too injured to fight recklessly!
You are too injured to fight recklessly!
You feel better. You block the redback's attack. The entropy weaver hits you!
* * * LOW HITPOINT WARNING * * *
You block the entropy weaver's attack. x2; The entropy weaver hits you!
* * * LOW HITPOINT WARNING * * *
The redback bites you but does no damage.
You draw a card...
You have drawn the Swarm.
The redback bites you!
* * * LOW HITPOINT WARNING * * *
You are poisoned.
The redback poisons you!
You block the entropy weaver's attack. x3
The entropy weaver hits you!
* * * LOW HITPOINT WARNING * * *
Electricity crackles from the ironbound thunderhulk's apparatus.
The bolt of lightning hits you!!!
You die...
Your body disappears without a glow.

############# #...
#...........# #...
#...........# #...
#.......<...# #...
#...........# #...
#...........# #...
#...........# #...
#'########'###'######...
#....yB@yy).#.......#...
#..O.ysyyy..#.......#...
#..#######..#.......'...
# ' #..#.......#...
#..#.......#...
#..'.......#...
#..#########... ..# #...
#...


You could see an ironbound thunderhulk, an entropy weaver (ally target), a
redback (ally target), a friendly queen bee (summoned), 2 friendly meliai and 4
friendly killer bees.

Vanquished Creatures
  Boris (Vaults:3)
  The ghost of Jeffwins the Eclecticist, an adept OnAE of Vehumet (D:15)
  Polyphemus (Shoals:2)
  A kraken (Shoals:4)
  A sphinx (Vaults:4)
  Donald (Spider:3)
  2 vault wardens
  2 emperor scorpions (Spider:4)
  A frost giant (Vaults:3)
  3 ghost moths
  2 orc warlords
  13 ironbound preservers
  A broodmother (Spider:1)
  A formless jellyfish (shapeshifter) (Spider:3)
  2 stone giants
  4 ironbound thunderhulks
  A formless jellyfish (Vaults:1)
  9 dire elephants
  Nessos (Lair:4)
  6 war gargoyles
  4 spark wasps
  6 merfolk javelineers
  A fire dragon (Orc:2)
  Snorg (Lair:4)
  Josephine (D:12)
  10 merfolk impalers
  8 entropy weavers
  7 hydras
  Harold (D:11)
  4 yaktaur captains
  A rakshasa (D:14)
  5 vault guards
  An ogre mage (Orc:2)
  9 centaur warriors
  7 great orbs of eyes
  A merfolk avatar (Shoals:2)
  An anaconda (D:13)
  2 peacekeepers (Vaults:2)
  4 alligator snapping turtles
  A merfolk aquamancer (Shoals:3)
  3 ironbound frosthearts
  2 death knights
  5 dancing weapons
  A radroach (Spider:4)
  3 jorogumos
  A catoblepas (Shoals:2)
  5 boulder beetles
  7 two-headed ogres
  4 satyrs
  An orc high priest (Orc:2)
  13 death yaks
  A vampire mage (Vaults:3)
  2 demonic crawlers
  2 tengu warriors (D:15)
  2 hell hogs (Lair:5)
  A skeletal warrior (D:7)
  A fire crab (Lair:5)
  3 deep elf knights (Elf:1)
  A skyshark (shapeshifter) (Vaults:3)
  7 pharaoh ants
  3 cherubim (Shoals:4)
  39 deep trolls
  4 deep elf archers (Elf:1)
  4 skysharks
  5 glowing orange brains
  5 sea snakes (Shoals:3)
  8 arcanists
  A sun moth (Spider:4)
  A mana viper (Orc:2)
  2 phantasmal warriors
  12 orb spiders
  3 bog bodies (Shoals:2)
  7 steelbarb worms
  14 ironbound convokers
  4 deep elf zephyrmancers (Elf:1)
  3 necromancers
  3 lindwurms
  13 harpies
  6 orc knights
  12 deep elf pyromancers
  14 wolf spiders
  18 ugly things
  3 orc sorcerers
  Maurice (D:12)
  12 cyclopes
  10 fauns (Shoals:2)
  6 manticores
  2 meliai (Spider:1)
  3 moths of wrath
  Joseph (D:8)
  23 vault sentinels
  3 water nymphs
  17 elephants
  5 black mambas
  3 kobold blastminers (Orc:2)
  A merfolk siren (Shoals:2)
  2 molten gargoyles (Lair:5)
  3 torpor snails
  A gargoyle (D:7)
  2 unseen horrors (D:7)
  9 cane toads
  A rime drake (Lair:3)
  2 freezing wraiths (D:13)
  11 komodo dragons
  2 efreet (D:15)
  11 yaktaurs
  3 kobold demonologists
  5 hornets
  7 wind drakes
  17 merfolk
  5 trolls
  2 polar bears
  18 tarantellas
  10 blink frogs
  5 snapping turtles
  3 glass eyes
  4 dream sheep
  22 jumping spiders
  16 culicivoras
  24 slime creatures
  2 air elementals (Elf:1)
  Sigmund (D:4)
  A shadow (D:10)
  10 water elementals
  11 wyverns
  8 wraiths
  A vampire (D:11)
  20 humans
  60 yaks
  4 wargs (Orc:2)
  4 basilisks
  A steam dragon (D:7)
  46 redbacks
  5 vampire mosquitoes
  Edmund (D:5)
  An acid dragon (D:7)
  3 hell hounds (Lair:5)
  10 water moccasins
  3 ice beasts
  29 orc warriors
  6 black bears
  5 boggarts (D:14)
  3 laughing skulls
  20 wolves
  7 ogres
  6 centaurs
  Blork the orc (D:6)
  5 kobold brigands
  11 bullfrogs
  5 scorpions
  3 earth elementals (Elf:1)
  A gnoll sergeant (D:7)
  7 wights
  4 killer bees
  9 electric eels
  5 howler monkeys
  5 lava snakes (Lair:5)
  2 hounds
  2 jellies
  22 orc priests
  2 bombardier beetles (D:7)
  A gnoll bouda (D:8)
  2 wyvern simulacra (D:8)
  A sleepcap (D:6)
  Ijyb (D:5)
  7 iguanas
  24 orc wizards
  A centaur simulacrum (D:8)
  A mummy (Ossuary)
  7 gnolls
  14 adders
  2 shadow imps
  3 white imps
  2 howler monkey simulacra (D:8)
  3 ufetubi
  2 ribbon worms
  72 orcs
  9 ball pythons
  4 bats (D:1)
  5 endoplasms
  5 giant cockroaches
  5 hobgoblins
  5 jackals
  3 quokkas
  3 frilled lizards
  7 gnoll skeletons (Ossuary)
  7 goblins
  15 kobolds
  9 kobold skeletons (Ossuary)
  4 orc skeletons (Ossuary)
  4 rats
  A tentacle (Shoals:4)
1231 creatures vanquished.

Vanquished Creatures (collateral kills)
  Frederick (Vaults:4)
  Arachne (Spider:3)
  A frost giant (Vaults:4)
  A vault warden (Vaults:3)
  3 emperor scorpions (Spider:4)
  An angel (Shoals:4)
  An ironbound preserver (Vaults:1)
  A spark wasp (Spider:1)
  A merfolk impaler (Shoals:4)
  An ice dragon (Shoals:2)
  A radroach (Spider:4)
  A merfolk avatar (Shoals:4)
  A two-headed ogre (Orc:2)
  A merfolk aquamancer (Shoals:4)
  5 demonic crawlers
  A deep troll (Vaults:1)
  3 skeletal warriors (D:15)
  An orb spider (Spider:1)
  A cherub (Shoals:4)
  Pikel (D:8)
  2 wolf spiders (Spider:2)
  4 harpies (Shoals:4)
  An orc sorcerer (Orc:2)
  An elephant (Lair:4)
  A meliai (Spider:1)
  A black mamba (Lair:4)
  Maggie (D:8)
  A merfolk (Shoals:4)
  3 tarantellas
  A hornet (Spider:4)
  A snapping turtle (Shoals:2)
  A culicivora (Spider:2)
  7 redbacks
  2 orc warriors
  2 ogres
  A kobold brigand (D:8)
  2 wights (D:6)
  A burial acolyte (Ossuary)
  A killer bee (D:8)
  An electric eel (D:8)
  An orc priest (Orc:2)
  2 orc wizards (Orc:2)
  2 orcs (Orc:2)
68 creatures vanquished.

Vanquished Creatures (others)
  A deep elf pyromancer (Elf:1)
  A manticore (D:7)
  A polar bear (D:8)
  5 yaks (Lair:5)
  A wight (D:9)
  A killer bee (D:8)
  2 orc wizards (D:7)
  An adder (D:4)
  A gnoll (D:4)
  A ribbon worm (D:3)
  An orc (D:8)
  10 tentacles (Shoals:4)
26 creatures vanquished.

Grand Total: 1325 creatures vanquished

Notes
Turn   | Place    | Note
-------+----------+-------------------------------------------
     0 | D:1      | Lobster4 the Human Artificer began the quest for the Orb.
     0 | D:1      | Reached XP level 1. HP: 15/15 MP: 1/1
   242 | D:1      | Reached XP level 2. HP: 21/21 MP: 2/2
  1023 | D:2      | Reached XP level 3. HP: 26/26 MP: 3/3
  1098 | D:2      | Reached skill level 1 in Ranged Weapons
  1291 | D:2      | Found Apidduf's General Store.
  1329 | D:2      | Reached skill level 2 in Fighting
  1783 | D:3      | Reached XP level 4. HP: 19/33 MP: 4/4
  2337 | D:3      | Found a sparkling altar of Nemelex Xobeh.
  2359 | D:3      | Became a worshipper of Nemelex Xobeh the Trickster
  2722 | D:3      | Found Soblick's Book Emporium.
  2967 | D:3      | Reached XP level 5. HP: 26/39 MP: 5/5
  3168 | D:4      | Reached skill level 1 in Invocations
  3236 | D:4      | Noticed an ogre
  3244 | D:4      | Killed an ogre
  3245 | D:4      | Reached skill level 3 in Fighting
  3245 | D:4      | Reached XP level 6. HP: 47/47 MP: 7/7
  3417 | D:4      | Found a sand-covered staircase.
  3420 | D:4      | Reached * piety under Nemelex Xobeh
  3426 | Ossuary  | Entered an ossuary
  3596 | Ossuary  | Found an ancient bone altar of Kikubaaqudgha.
  3693 | Ossuary  | Reached skill level 1 in Maces & Flails
  3693 | Ossuary  | Reached XP level 7. HP: 46/52 MP: 7/9
  3985 | D:4      | Found a stormy altar of Qazlal.
  4378 | D:5      | Entered Level 5 of the Dungeon
  4378 | D:5      | Noticed Sigmund
  4378 | D:5      | Noticed Ijyb
  4392 | D:4      | Killed Sigmund
  4393 | D:4      | Reached skill level 4 in Fighting
  4501 | D:5      | Found a white marble altar of Elyvilon.
  4501 | D:5      | Found a glowing silver altar of Zin.
  4562 | D:5      | Received a gift from Nemelex Xobeh
  4598 | D:5      | Reached XP level 8. HP: 58/61 MP: 10/10
  4630 | D:5      | Found a glowing golden altar of the Shining One.
  4645 | D:5      | Noticed Edmund
  4675 | D:5      | Killed Edmund
  4736 | D:5      | Reached skill level 5 in Fighting
  4984 | D:5      | Reached skill level 5 in Invocations
  4997 | D:5      | Killed Ijyb
  5270 | D:5      | Found a hide-covered altar of Uskayaw.
  5296 | D:5      | Found a staircase to the Ecumenical Temple.
  5416 | D:5      | Reached skill level 6 in Fighting
  5482 | D:5      | Identified the +10 falchion "Epumiu" {vamp, rC+}
  5601 | D:5      | Found Benzaiten's Dragon-Slaying Spoils.
  5951 | D:6      | Reached skill level 1 in Long Blades
  6001 | D:6      | Reached XP level 9. HP: 41/68 MP: 12/12
  6102 | D:6      | Noticed Blork the orc
  6114 | D:6      | Killed Blork the orc
  6171 | D:6      | Reached ** piety under Nemelex Xobeh
  6171 | D:6      | Found a bloodstained altar of Trog.
  6186 | D:6      | Reached skill level 5 in Armour
  6530 | D:6      | Found an ornate altar of the Wu Jian Council.
  6624 | D:6      | Reached skill level 1 in Shields
  6714 | D:6      | Reached skill level 7 in Fighting
  6724 | D:6      | Learned a level 2 spell: Ensorcelled Hibernation
  6859 | D:6      | Identified a scroll of acquirement
  6859 | D:6      | Acquired a manual of Stealth
  7097 | D:7      | Found a snail-covered altar of Cheibriados.
  7121 | D:7      | Reached skill level 1 in Hexes
  7206 | D:7      | Reached skill level 1 in Ice Magic
  7411 | D:7      | Reached skill level 1 in Spellcasting
  7535 | D:7      | Found a shimmering blue altar of Sif Muna.
  7687 | D:7      | Found a runed translucent door.
  7687 | D:7      | Noticed a hornet
  7694 | D:7      | Found a runed translucent door.
  7695 | D:7      | Noticed a centaur warrior
  7695 | D:7      | Found a runed translucent door.
  7855 | D:8      | Reached XP level 10. HP: 48/79 MP: 13/13
  8514 | D:8      | Noticed Joseph
  8514 | D:8      | Noticed Pikel
  8522 | D:8      | Killed Pikel
  8523 | D:8      | Reached skill level 5 in Long Blades
  8534 | D:8      | Killed Joseph
  8749 | D:8      | Noticed Maggie
  8946 | D:8      | Found a staircase to the Lair.
  8974 | D:8      | Found a broken altar of Ashenzari.
  9019 | D:8      | Found a shimmering altar of Xom.
  9019 | D:8      | Received a gift from Nemelex Xobeh
  9020 | D:8      | Found a shimmering altar of Xom.
  9021 | D:8      | Found a shimmering altar of Xom.
  9021 | D:8      | Found a shimmering altar of Xom.
  9021 | D:8      | Found a shimmering altar of Xom.
  9149 | D:8      | Found a shimmering altar of Xom.
  9149 | D:8      | Found a shimmering altar of Xom.
  9150 | D:8      | Found a shimmering altar of Xom.
  9210 | D:8      | Killed Maggie
  9215 | D:8      | Reached *** piety under Nemelex Xobeh
  9235 | D:8      | Found a radiant altar of Vehumet.
  9279 | D:8      | Reached skill level 5 in Stealth
  9386 | D:9      | Noticed a two-headed ogre
  9401 | D:9      | Killed a two-headed ogre
  9499 | D:9      | Reached skill level 8 in Fighting
  9844 | D:9      | Reached XP level 11. HP: 72/86 MP: 15/15
 10240 | D:9      | Found an opulent altar of Gozag.
 10484 | D:9      | Found Puss's Changing Room.
 10865 | D:9      | Found a staircase to the Orcish Mines.
 11050 | D:10     | Entered Level 10 of the Dungeon
 11325 | D:10     | Found an ancient bone altar of Kikubaaqudgha.
 11755 | D:10     | Received a gift from Nemelex Xobeh
 11993 | Lair:1   | Entered Level 1 of the Lair of Beasts
 12034 | Lair:1   | Reached skill level 5 in Evocations
 12208 | Lair:1   | Reached skill level 5 in Shields
 12276 | Lair:1   | Reached **** piety under Nemelex Xobeh
 12431 | Lair:1   | Upgraded the game from 0.31-a0-1626-g5cb510d322 to
                  | 0.32-a0-7-ge934b4519a
 12477 | Lair:1   | Received a gift from Nemelex Xobeh
 12639 | Lair:1   | Reached XP level 12. HP: 94/94 MP: 16/16
 12755 | Lair:1   | Reached skill level 9 in Fighting
 12755 | Lair:1   | Reached skill level 1 in Throwing
 13493 | Lair:2   | Received a gift from Nemelex Xobeh
 13576 | Lair:2   | Found a staircase to the Shoals.
 13576 | Lair:2   | Noticed a death yak
 13596 | Lair:2   | Killed a death yak
 14253 | Lair:3   | Noticed a six-headed hydra
 14263 | Lair:3   | Killed a six-headed hydra
 14488 | Lair:3   | Reached XP level 13. HP: 78/102 MP: 19/19
 14499 | Lair:3   | Reached skill level 10 in Stealth
 14573 | Lair:3   | Found a hole to the Spider Nest.
 15066 | Lair:3   | Reached skill level 10 in Long Blades
 15258 | Lair:4   | Reached ***** piety under Nemelex Xobeh
 15394 | Lair:4   | Reached skill level 10 in Fighting
 15409 | Lair:4   | Identified the +0 long sword of the Vulture {heavy, Will+}
 15602 | Lair:4   | Noticed Snorg
 15622 | Lair:4   | Killed Snorg
 16033 | Lair:4   | Noticed Nessos
 16146 | Lair:4   | Killed Nessos
 16840 | Lair:4   | Found a viscous altar of Jiyva.
 16841 | Lair:4   | Found a staircase to the Slime Pits.
 16984 | Lair:5   | Entered Level 5 of the Lair of Beasts
 16984 | Lair:5   | Received a gift from Nemelex Xobeh
 17241 | Lair:5   | Found the +13 scythe of Curses {drain, curses, ^Drain}
 17433 | Lair:5   | Received a gift from Nemelex Xobeh
 17461 | Lair:5   | Reached XP level 14. HP: 111/111 MP: 20/20
 17475 | Lair:5   | Identified the +1 ring mail of Henotheism {rC+ rN+ Slay+3}
 17962 | Lair:5   | Reached skill level 11 in Fighting
 17962 | Lair:5   | Reached skill level 10 in Armour
 18381 | Lair:5   | Found a large runed translucent door.
 18408 | Lair:5   | Found a large runed translucent door.
 18728 | Lair:5   | Reached skill level 5 in Spellcasting
 19186 | Orc:1    | Entered Level 1 of the Orcish Mines
 19316 | Orc:2    | Entered Level 2 of the Orcish Mines
 19316 | Orc:2    | Found a staircase to the Elven Halls.
 19366 | Orc:2    | Found Suijun's Distillery.
 19375 | Orc:2    | Bought a potion of enlightenment for 50 gold pieces
 19520 | D:6      | Identified the +6 dagger "Xieshis" {speed, rElec rC+}
 19652 | Orc:2    | Found Acoal's Antique Armour Boutique.
 19658 | Orc:2    | Found Daczec's Assorted Antiques.
 20027 | Orc:2    | Found Daph's Jewellery Shoppe.
 20259 | Orc:2    | Paralysed by an orc sorcerer for 4 turns
 20857 | Orc:2    | Noticed an orc warlord
 20867 | Orc:2    | an orc warlord changed into a fire dragon
 20895 | Orc:2    | Found Ocaosojo's Antique Weapon Shop.
 20954 | Orc:2    | Found Jiolet's General Store.
 21098 | Orc:2    | Found Neikkenn's Book Shop.
 21133 | Orc:2    | Found Cadalad's Antique Armour Shop.
 21258 | Orc:2    | Bought an embroidered cloak for 180 gold pieces
 21279 | Orc:2    | Bought a manual of Fighting for 1040 gold pieces
 21295 | Orc:2    | Bought a blackened falchion for 280 gold pieces
 21295 | Orc:2    | Identified the +3 falchion "Akyang" {freeze, rN+ Will+
                  | Str-2 Int+2} (You bought it in a shop on level 2 of the
                  | Orcish Mines)
 21344 | Orc:2    | Bought a scroll labelled PUANEI JUUCK for 38 gold pieces
 21369 | Orc:1    | Found Imo Susei's Armour Boutique.
 21424 | Orc:2    | Reached XP level 15. HP: 65/120 MP: 23/23
 22162 | Orc:2    | Bought a potion of heal wounds for 80 gold pieces
 22162 | Orc:2    | Bought a scroll of blinking for 120 gold pieces
 22326 | D:11     | Reached skill level 12 in Fighting
 22330 | D:11     | Noticed Harold
 22361 | D:11     | Killed Harold
 22564 | D:11     | Identified the +9 dagger "Imuurik" {venom, rCorr Stlth+}
 22705 | D:11     | Identified the +0 cloak of Histrionic Lucidity {+Inv Will+
                  | Str+4 Int-4}
 23247 | D:12     | Received a gift from Nemelex Xobeh
 23372 | D:12     | Noticed Josephine
 23390 | D:12     | Killed Josephine
 23532 | D:12     | Reached ****** piety under Nemelex Xobeh
 23625 | D:12     | Received a gift from Nemelex Xobeh
 23805 | D:12     | Noticed Maurice
 24533 | D:13     | Received a gift from Nemelex Xobeh
 24748 | D:13     | Found a gate to the Vaults.
 25298 | D:13     | Received a gift from Nemelex Xobeh
 25899 | D:14     | Noticed Agnes
 26178 | D:14     | Received a gift from Nemelex Xobeh
 26308 | D:14     | Received a gift from Nemelex Xobeh
 26753 | D:14     | Reached skill level 5 in Dodging
 26924 | D:15     | Entered Level 15 of the Dungeon
 27059 | D:15     | Reached skill level 10 in Shields
 27142 | D:15     | Received a gift from Nemelex Xobeh
 27208 | D:15     | Found a runed translucent gate.
 27208 | D:15     | Found a runed translucent gate.
 27208 | D:15     | Found a runed translucent gate.
 27211 | D:15     | Noticed Jeffwins's ghost (adept OnAE)
 27399 | D:15     | Found a staircase to the Depths.
 27747 | D:15     | Found a sparkling altar of Nemelex Xobeh.
 27752 | D:15     | Received a gift from Nemelex Xobeh
 28350 | D:15     | Reached skill level 13 in Fighting
 28410 | D:15     | Received a gift from Nemelex Xobeh
 28441 | D:15     | Found Degeocki's Jewellery Emporium.
 28550 | D:14     | Reached XP level 16. HP: 108/130 MP: 26/26
 28981 | D:7      | Identified the +0 cloak of the Fiddle {rF+++ rCorr Str-5
                  | SInv}
 29269 | D:12     | Killed Maurice
 30297 | D:15     | Killed Jeffwins's ghost
 30848 | Spider:1 | Entered Level 1 of the Spider Nest
 31570 | Spider:1 | Received a gift from Nemelex Xobeh
 32071 | Spider:1 | Received a gift from Nemelex Xobeh
 32736 | Spider:2 | Reached skill level 15 in Long Blades
 33405 | Spider:2 | Received a gift from Nemelex Xobeh
 33531 | Spider:2 | Reached skill level 14 in Fighting
 34402 | Spider:3 | Noticed Arachne
 34432 | Spider:3 | Paralysed by a jorogumo for 3 turns
 34445 | Spider:3 | Killed Arachne
 34446 | Spider:3 | Reached XP level 17. HP: 62/139 MP: 28/28
 35266 | Spider:3 | Received a gift from Nemelex Xobeh
 35432 | Spider:3 | Noticed Donald
 35445 | Spider:3 | Killed Donald
 35592 | Spider:3 | Identified the +7 falchion of Truncation {venom, rF++ rCorr
                  | Stlth+}
 36174 | Spider:3 | Learned a level 3 spell: Sigil of Binding
 36175 | Spider:4 | Entered Level 4 of the Spider Nest
 36243 | Spider:3 | Paralysed by a formless jellyfish for 1 turns
 36255 | Spider:3 | Paralysed by a formless jellyfish for 1 turns
 36260 | Spider:3 | Reached skill level 5 in Hexes
 38305 | Spider:4 | Reached skill level 15 in Fighting
 39180 | Spider:4 | Received a gift from Nemelex Xobeh
 39293 | Spider:4 | Got a gossamer rune of Zot
 39652 | Elf:1    | Entered Level 1 of the Elven Halls
 39787 | Elf:1    | Found a transporter.
 39792 | Elf:1    | Found Acheumn's Weapon Shoppe.
 39794 | Elf:1    | Found a transporter.
 40168 | Elf:1    | Noticed Norris
 40245 | Elf:1    | Reached XP level 18. HP: 131/149 MP: 30/30
 40372 | Elf:1    | Paralysed by an air elemental for 1 turns
 40860 | Elf:1    | Paralysed by an air elemental for 1 turns
 40869 | Elf:1    | Paralysed by an air elemental for 1 turns
 40898 | Elf:1    | Received a gift from Nemelex Xobeh
 40927 | Elf:1    | Found Nogycvu's Assorted Antiques.
 41500 | D:15     | Bought the amulet "Eppounn" {Acrobat rC+++ Regen+ Str+4}
                  | for 1125 gold pieces
 41809 | Shoals:1 | Entered Level 1 of the Shoals
 42035 | Shoals:1 | Received a gift from Nemelex Xobeh
 42718 | Shoals:2 | Received a gift from Nemelex Xobeh
 43233 | Shoals:2 | Noticed Polyphemus
 43832 | Shoals:2 | Received a gift from Nemelex Xobeh
 43911 | Shoals:2 | Killed Polyphemus
 44728 | Shoals:3 | Learned a level 3 spell: Confusing Touch
 44949 | Shoals:3 | Reached skill level 16 in Fighting
 45288 | Shoals:3 | Reached skill level 10 in Invocations
 45457 | Shoals:3 | Identified the +4 plate armour "Ixkaip" {rElec Will+ Int+3}
 45515 | Shoals:3 | Received a gift from Nemelex Xobeh
 45794 | Shoals:4 | Entered Level 4 of the Shoals
 46545 | Shoals:4 | Reached XP level 19. HP: 153/158 MP: 32/32
 46675 | Shoals:3 | Learned a level 3 spell: Ozocubu's Armour
 47219 | Shoals:4 | Identified the +1 trident of Analysis {vamp, rElec}
 47236 | Shoals:4 | Found a glowing silver altar of Zin.
 47256 | Shoals:4 | Got a barnacled rune of Zot
 47564 | Shoals:4 | Found a glowing golden altar of the Shining One.
 47759 | Shoals:4 | Found a white marble altar of Elyvilon.
 48044 | Vaults:1 | Entered Level 1 of the Vaults
 48061 | D:13     | Reached skill level 10 in Spellcasting
 48162 | Vaults:1 | Upgraded the game from 0.32-a0-7-ge934b4519a to
                  | 0.32-a0-12-g7fc57aa741
 48278 | Vaults:1 | Received a gift from Nemelex Xobeh
 48378 | Vaults:1 | Identified the staff of Red Wine {^Drain +Blink rC+ Dex+6
                  | Ice}
 48931 | Vaults:1 | Reached skill level 5 in Ice Magic
 48969 | Vaults:1 | Paralysed by a formless jellyfish for 1 turns
 49102 | Vaults:1 | Reached skill level 17 in Fighting
 49347 | Vaults:1 | Found the +1 cloak of Starlight {*Dazzle EV+4 Stlth--}
 49477 | Vaults:1 | Received a gift from Nemelex Xobeh
 50886 | Vaults:2 | Received a gift from Nemelex Xobeh
 51564 | Vaults:2 | Reached skill level 10 in Dodging
 51746 | Vaults:2 | Found Baess's Antique Weapon Shoppe.
 51773 | Vaults:2 | Reached XP level 20. HP: 142/170 MP: 34/34
 51880 | Vaults:2 | Learned a level 4 spell: Cause Fear
 52114 | Vaults:2 | Received a gift from Nemelex Xobeh
 52210 | Vaults:2 | Reached skill level 18 in Fighting
 52212 | Vaults:2 | Reached skill level 10 in Hexes
 52551 | Vaults:3 | Noticed Boris
 52579 | Vaults:3 | Killed Boris
 53354 | Orc:1    | Bought the +0 pair of gloves "Vazak" {rC+ Slay+2 Stlth+}
                  | for 445 gold pieces
 53709 | Vaults:3 | Found a staircase to the Crypt.
 53882 | Vaults:3 | Reached skill level 15 in Stealth
 54097 | Vaults:3 | Received a gift from Nemelex Xobeh
 54397 | Vaults:4 | Identified the orb "Epoxt" {light, rCorr}
 54397 | Vaults:4 | Noticed Frederick
 54408 | Vaults:4 | Killed Frederick
 54736 | Vaults:4 | Learned a level 3 spell: Inner Flame
 55151 | Vaults:4 | Received a gift from Nemelex Xobeh
 55238 | Vaults:4 | Reached skill level 1 in Fire Magic
 55846 | Vaults:4 | Identified the +9 battleaxe "Udghiyj" {vamp, rPois rF+ rN+
                  | Dex+4}
 55941 | Vaults:4 | Reached XP level 21. HP: 179/179 MP: 35/35
 55962 | Vaults:4 | Killed from afar by an ironbound thunderhulk

Illustrated notes

Levels and vault maps discovered:
D:1:      heliophobic_arrival_glass_houses, layout_loops_ring, minivault_23,
          minmay_misc_feat_rows
D:2:      layout_basic, serial_shops, shop
D:3:      layout_basic, mainiacjoe_overflow_24_doors, serial_shops,
          nicolae_lakefront_shop
D:4:      layout_loops_cross, mainiacjoe_overflow_alcove_4,
          nicolae_ossuary_entry_monument, serial_bayou_lagoon_b
D:5:      layout_cave_pools, good_gods_mini_temple, mainiacjoe_overflow_catwalk,
          minmay_temple_entry_grid, nicolae_shop_dragon_depot, uniq_sigmund,
          uniq_edmund, uniq_ijyb
D:6:      layout_basic, trog_book, nicolae_wu_jian_glorious_leap,
          uniq_blork_the_orc
D:7:      minmay_the_grid_triangle_9x9_rhombus_thin
          [minmay_the_grid_triangle_9x9_fully_insulated_deathbox,
          minmay_the_grid_triangle_9x9_prize_center,
          minmay_the_grid_triangle_9x9_odd_lines,
          minmay_the_grid_triangle_9x9_stretched_checkered], layout_basic,
          slow_altar_1, mainiacjoe_overflow_brackets
D:8:      layout_loops_ring, mainiacjoe_overflow_cross_hatched,
          kennysheep_little_box, xom_shifter_show, lair_entry_dummy, serial_ice,
          serial_ice_n, serial_ice_j, serial_ice_m, serial_ice_h, uniq_maggie,
          uniq_joseph, uniq_pikel
D:9:      layout_basic, nicolae_gozag_seed_capital, erik_orc_2,
          serial_park_tiny_2, nicolae_transmutations_shop
D:10:     layout_loops_ring, mainiacjoe_overflow_tiny_flanked
D:11:     layout_loops_ring, amethyst_killhole, chequers_decorated_corner,
          uniq_harold
D:12:     layout_long_grid, patterned_corridor, uniq_josephine, uniq_maurice
D:13:     layout_irregular_city, grunt_vaults_entry_tiered
D:14:     kennysheep_ambush_hall, layout_cave_pods, minmay_misc_feat_roman,
          uniq_agnes
D:15:     grunt_enter_depths_snipers, layout_loops_corners,
          gammafunk_ghost_hydra_chop, serial_bayou, serial_bayou_pond_e,
          serial_bayou_ford_a, serial_bayou_shore_b, serial_bayou_pond_d,
          serial_bayou_pond_d, serial_bayou_crossing, serial_shops, shop,
          nemelex_spade_bored_becter
Lair:1:   layout_roguey
Lair:2:   layout_roguey, minmay_shoals_entry_hut, infiniplex_staircase_pool_2
Lair:3:   layout_misc_corridors, spider_nest_entry_funnel_web,
          grunt_megastairs_2, lemuel_fruit_tree
Lair:4:   layout_cave_pods, slime_entry_1, hellmonk_talismancer,
          infiniplex_staircase_pool, uniq_snorg, uniq_nessos
Lair:5:   cheibrodos_lair_end_hotspot, layout_regular_city
Shoals:1: layout_shoals, nicolae_shoals_square_sea_wall
Shoals:2: layout_shoals, nicolae_shoals_secluded_bog, uniq_polyphemus
Shoals:3: layout_shoals, nicolae_shoals_hunting_party
Shoals:4: shoals_end_hellmonk_holy_island
Spider:1: layout_spider_delve
Spider:2: layout_spider_delve
Spider:3: layout_spider_delve, hangedman_spider_tarantella_strand, uniq_arachne,
          uniq_donald
Spider:4: spider_rune_water, nicolae_spider_wall_of_niches
Orc:1:    layout_diamond_mine, serial_shops, shop
Orc:2:    grunt_orc_cross, layout_caves, serial_shops, shop, shop, shop,
          nicolae_shop_statue_plus, mines1_david
Elf:1:    minmay_roctagon, layout_geoelf_grid, serial_shops,
          nicolae_shop_drivethru, shop, nicolae_elf_shapeshifter_party,
          onia_ninara_cookie, uniq_norris
Vaults:1: nicolae_vaults_diamond_2, vaults_mumra_hex, hangedman_vaults_stream,
          ontoclasm_vaults_bender, v_alt_pattern_2, nicolae_vaults_alarming,
          ontoclasm_vaults_fault, v_misc_19, nicolae_vaults_crenellated_ambush,
          layout_vaults_omnigrid
Vaults:2: v_misc_31, nicolae_vaults_trapezoid_lopsided_3,
          ontoclasm_vaults_claustrophobia, v_misc_9,
          nicolae_vaults_bisected_slash, v_misc_26, v_misc_13,
          ontoclasm_vaults_twist, nicolae_vaults_diamond_1,
          ontoclasm_vaults_shuriken, nicolae_vaults_trapezoid_lopsided_4,
          hangedman_vaults_stretched_pinwheel, vaults_room_door_ring,
          nicolae_vaults_surprise_closet, layout_vaults_ring, serial_shops, shop
Vaults:3: vaults_dpeg_cross, v_pattern_5, nicolae_vaults_surprise_closet,
          ontoclasm_vaults_ring_square, v_misc_8, ontoclasm_vaults_pinch,
          nicolae_vaults_tetromino_Z_2, nicolae_vaults_doubleplus_tesselated,
          minmay_crypt_entry_simple_round, nicolae_vaults_security_offices_2,
          v_misc_30, nicolae_vaults_diagonal_hallway_8, nicolae_vaults_prndl,
          nicolae_vaults_house_1, nicolae_vaults_apartment_1,
          nicolae_vaults_lightning_bolt, layout_vaults_maze_snakey, uniq_boris
Vaults:4: nicolae_vaults_big_angled_halls, v_misc_28, ontoclasm_vaults_shout,
          nicolae_vaults_network_periphery, nicolae_vaults_tetromino_T_2,
          nicolae_vaults_offset_grid_hallway_2, nicolae_vaults_two_Ls,
          nicolae_vaults_more_shelving_1, v_misc_5,
          nicolae_vaults_big_angled_halls, hangedman_vaults_maws,
          vaults_mumra_hexcomb, layout_vaults_big_cross, uniq_frederick

Skill      XL: |  1  2  3  4  5  6  7  8  9 10 11 12 13 14 15 16 17 18 19 20 |
---------------+-------------------------------------------------------------+-----
Ranged Weapons | 1 2 |  2.0
Fighting       | 2 3 4 6 7 8 9 10 11 13 14 15 16 17 18 | 18.8
Dodging        | 2 3 4 5 6 7 8 10 | 10.3
Armour         | 3 4 5 6 7 8 9 10 11 12 13 | 13.0
Invocations    | 2 3 5 6 7 8 10 | 10.0
Maces & Flails | 1 2 3 |  3.2
Long Blades    | 2 4 6 8 9 11 13 14 15 16 17 | 17.0
Shields        | 2 3 5 6 7 9 10 11 12 | 12.3
Stealth        | 3 5 8 9 10 11 12 13 14 15 | 15.5
Hexes          | 2 3 4 6 7 9 11 | 11.3
Ice Magic      | 2 3 4 6 |  6.0
Spellcasting   | 1 3 4 5 6 7 8 9 10 | 10.0
Evocations     | 4 5 6 |  6.0
Throwing       | 1 2 3 |  3.0
Fire Magic     | 2 |  2.4

Action                     |  1- 3 |  4- 6 |  7- 9 | 10-12 | 13-15 | 16-18 | 19-21 || total
---------------------------+-------+-------+-------+-------+-------+-------+-------++-------
  Melee: Flail             |       |    40 |   127 |     1 |    12 |       |       ||   180
         Punch             |       |       |     2 |     1 |       |       |       ||     3
         Falchion          |       |       |   166 |   774 |  1663 |  2043 |   475 ||  5121
         Morningstar       |       |       |       |       |     3 |    10 |       ||    13
         Dagger            |       |       |       |       |    24 |    74 |     1 ||    99
         Scimitar          |       |       |       |       |       |    21 |       ||    21
         Double sword      |       |       |       |       |       |       |   889 ||   889
   Fire: Sling             |   131 |   131 |    73 |   110 |     3 |    20 |       ||   468
  Throw: Dart              |       |     4 |    36 |    21 |    16 |   143 |    15 ||   235
         Boomerang         |       |       |     1 |     5 |    48 |     5 |       ||    59
         Javelin           |       |       |       |       |     7 |     3 |       ||    10
         Throwing net      |       |       |       |       |     1 |       |       ||     1
   Cast: Ensorcelled Hiber |       |       |       |       |    12 |    17 |     7 ||    36
         Sigil of Binding  |       |       |       |       |       |     2 |     3 ||     5
         Confusing Touch   |       |       |       |       |       |       |     2 ||     2
         Ozocubu's Armour  |       |       |       |       |       |       |     7 ||     7
         Cause Fear        |       |       |       |       |       |       |     1 ||     1
 Invoke: Draw Destruction  |       |       |     1 |     5 |    21 |    51 |    19 ||    97
         Draw Escape       |       |       |     1 |       |     7 |     2 |       ||    10
         Draw Summoning    |       |       |       |     1 |     5 |    16 |     5 ||    27
         Stack Five        |       |       |       |       |       |     1 |       ||     1
  Evoke: Wand              |     5 |    15 |    24 |    16 |    39 |    20 |     6 ||   125
         Phial of floods   |       |       |       |       |       |     2 |     1 ||     3
    Use: Scroll            |       |     5 |     7 |     9 |    13 |    11 |    12 ||    57
         Potion            |       |       |     1 |       |     4 |    15 |     9 ||    29
   Stab: Invisible         |       |       |     1 |       |       |       |       ||     1
         Betrayed ally     |       |       |     1 |       |       |       |       ||     1
         Sleeping          |       |       |       |     3 |    20 |    16 |    18 ||    57
         Distracted        |       |       |       |       |     3 |    11 |     9 ||    23
         Petrified         |       |       |       |       |       |     7 |       ||     7
         Confused          |       |       |       |       |       |     3 |     3 ||     6
         Petrifying        |       |       |       |       |       |     1 |       ||     1
         Held in net/web   |       |       |       |       |       |     1 |       ||     1
 Armour: Ring mail         |    68 |    83 |   190 |    56 |   353 |   634 |   896 ||  2280
         Skin              |       |       |     7 |       |       |       |       ||     7
         Swamp dragon scal |       |       |       |   412 |   416 |   844 |       ||  1672
  Dodge: Dodged            |    56 |    67 |   226 |   496 |   787 |  1242 |   663 ||  3537
  Block: Kite shield       |       |       |       |   426 |   853 |  1467 |   982 ||  3728
         Reflection        |       |       |       |       |       |    35 |    21 ||    56

Table legend: (Time is in decaauts)
 A = Elapsed time spent in this place.
 B = Non-inter-level travel time spent in this place.
 C = Inter-level travel time spent in this place.
 D = Time resting spent in this place.
 E = Time spent auto-exploring this place.
 F = Levels seen in this place.
 G = Mean time per level.
                   A        B        C        D        E       F      G
               +--------+--------+--------+--------+--------+-----+--------+
         Total |  55413 |  49025 |   6388 |   9652 |  23036 |  36 | 1539.2 |
       Dungeon |  21397 |  18138 |   3259 |   2192 |  11062 |  15 | 1426.5 |
          Lair |   7871 |   7035 |    836 |   1055 |   3631 |   5 | 1574.2 |
        Shoals |   5849 |   5424 |    425 |   1171 |   2085 |   4 | 1462.2 |
   Spider Nest |   8393 |   7849 |    544 |   2666 |   2450 |   4 | 2098.2 |
  Orcish Mines |   2936 |   2510 |    426 |    798 |    781 |   2 | 1468.0 |
   Elven Halls |   1566 |   1499 |     67 |    438 |    247 |   1 | 1566.0 |
        Vaults |   6920 |   6091 |    829 |   1163 |   2731 |   4 | 1730.0 |
       Ossuary |    479 |    479 |      0 |    168 |     48 |   1 |  479.0 |
               +--------+--------+--------+--------+--------+-----+--------+

Top non-repeatable levels by time:
     D:9: 2559 daAuts
Vaults:1: 2557 daAuts
Spider:3: 2467 daAuts
Spider:4: 2431 daAuts
   Orc:2: 2406 daAuts
    D:15: 2364 daAuts
  Lair:5: 2226 daAuts
    D:13: 2070 daAuts
Shoals:3: 1956 daAuts
     D:8: 1894 daAuts
Spider:2: 1823 daAuts
Shoals:2: 1753 daAuts
Spider:1: 1670 daAuts
  Lair:4: 1622 daAuts
Vaults:4: 1599 daAuts
